 Dungeon Crawl Stone Soup version 0.29.0-11-gd7f09526c8 (webtiles) character file.

Game seed: 8835310881008973219

218 Zonian the Cutter (level 5, -1/42 HPs)
             Began as a Demonspawn Gladiator on Sept 5, 2022.
             Slain by a goblin
             ... wielding a +0 dagger
             ... led by Robin
              (3 damage)
             ... on level 3 of the Dungeon.
             The game lasted 00:05:19 (5214 turns).

Zonian the Cutter (Demonspawn Gladiator)            Turns: 5214, Time: 00:05:21

Health: -1/42      AC:  5    Str: 11 (14) XL:     5   Next: 63%
Magic:  5/5        EV: 13    Int:  9 (10) God:
Gold:   125        SH:  0    Dex: 14 (16) Spells: 4/4 levels left

rFire   . . .      SeeInvis +   a - +0 rapier
rCold   . . .      Faith    .   (no shield)
rNeg    . . .      Spirit   .   b - +0 leather armour
rPois   .          Reflect  .   c - +0 helmet
rElec   .          Harm     .   w - scarf {shadows}
rCorr   .          Rampage  .   (no gloves)
Will    .....                   (no boots)
Stlth   +.........              (no amulet)
HPRegen 0.14/turn               j - ring of see invisible
MPRegen 0.09/turn               (no ring)

@: no status effects
A: rugged brown scales 1, foul stench 1
a: no special abilities


You were on level 3 of the Dungeon.
You visited 1 branch of the dungeon, and saw 3 of its levels.

You collected 125 gold pieces.

Inventory:

Hand Weapons
 a - a +0 rapier (weapon)
 g - a +0 sling
Missiles
 d - 2 throwing nets (quivered)
 e - a javelin
 o - 7 poisoned darts
 u - 2 curare-tipped darts
Armour
 b - a +0 leather armour (worn)
 c - a +0 helmet (worn)
 w - a scarf of shadows (worn)
Jewellery
 j - a ring of see invisible (left hand)
 A - a ring of resist corrosion
 B - a ring of wizardry
Wands
 C - a wand of flame (9)
Scrolls
 f - a scroll of noise {unknown}
 l - a scroll of acquirement {unknown}
 m - a scroll of fear {unknown}
 n - 3 scrolls of enchant armour {unknown}
 p - 4 scrolls of identify {unknown}
 q - a scroll of silence {unknown}
 s - a scroll of brand weapon {unknown}
 t - a scroll of blinking {unknown}
 y - a scroll of poison {unknown}
 z - a scroll of amnesia {unknown}
Potions
 h - a potion of magic {unknown}
 i - a potion of mutation {unknown}
 k - a potion of brilliance {unknown}
 r - a potion of haste {unknown}
 v - 3 potions of degeneration
 x - 2 potions of heal wounds {unknown}


   Skills:
 + Level 3.6 Fighting
 + Level 3.9 Short Blades
 - Level 2.1 Throwing
 + Level 3.9 Dodging


You had 4 spell levels left.
You didn't know any spells.
Your spell library contained the following spells:

 Spells                   Type           Power      Damage    Failure   Level
 Sting                    Tmut/Pois      0%         1d3       47%         1
 Poisonous Vapours        Pois/Air       0%         N/A       63%         2
 Olgreb's Toxic Radiance  Pois           0%         N/A       99%         4


Dungeon Overview and Level Annotations

Branches:
Dungeon (3/15)

Altars:

Shops:
D:3 :

Annotations:
D:3 3 runed translucent doors, Robin; mortz's ghost, weakling DgFi


Innate Abilities, Weirdness & Mutations

You are partially covered in rugged brown scales. (AC +1, +3% HP)
You may rarely emit foul miasma when damaged in melee.


Message History

The goblin no longer looks unusually strong.
The goblin shoots a sling bullet.
The sling bullet closely misses you.
The goblin shoots a sling bullet.
The sling bullet hits you.
You see here a +0 club.
The goblin shoots a sling bullet.
The sling bullet barely misses you.
You see here a +0 club.
The goblin unwields a +0 sling.
The goblin wields a +0 dagger.
The goblin closely misses you.
You hit the goblin.
You kill the goblin!
Robin roars a battlecry!
The goblin goes into a battle-frenzy!
You barely miss the goblin. The goblin misses you.
Robin roars a battlecry!
You closely miss the goblin. The goblin misses you.
Unknown command.
You puncture the goblin!
You kill the goblin!
Robin throws the goblin at you! The goblin hits you with a +0 club.
You hit the hobgoblin.
The hobgoblin is heavily wounded.
The goblin hits you with a +0 club. The hobgoblin misses you.
The goblin closely misses you.
Unknown command.
You closely miss the goblin. The goblin barely misses you.
The hobgoblin hits you but does no damage.
The goblin hits you with a +0 club.
You miss the goblin. The goblin hits you with a +0 club.
The hobgoblin hits you. Robin throws the goblin at you!
The goblin hits you with a +0 club.
* * * LOW HITPOINT WARNING * * *
You emit a cloud of foul miasma!
Unknown command.
It was a potion of degeneration.
There was something very wrong with that liquid.
You feel weakened.
You feel dopey.
You feel clumsy. The goblin hits you with a +0 club.
* * * LOW HITPOINT WARNING * * *
The goblin hits you with a +0 dagger.
You die...

+.......ggg.........)...........)
#........g####.).....#######...##
##.......## #g.##g#.########)##
##.....## #.###.#.#........#
##..g## #.###.#.#.######.# ##g##
#.##g.#.#.# ####.# #.#
#.##.##.#.# #....# #.#
#g##g##.#.# #.##.# #g#
#.g@g...#.###.##.#


gg. ####g####........# gg. #.# #####.#### .g. #.# #.###### #.# #....).. ..#
######## ### #### You could see Robin, 2 hobgoblins and 4 goblins.

Vanquished Creatures
  An orc priest (D:3)
  A hound (D:3)
  An orc wizard (D:3)
  3 gnolls (D:3)
  2 adders
  2 worms (D:3)
  4 dart slugs
  9 orcs
  3 endoplasms
  2 giant cockroaches (D:1)
  12 goblins
  2 hobgoblins (D:3)
  2 quokkas
  8 ball pythons
  3 bats (D:1)
  3 frilled lizards (D:1)
  5 kobolds
  5 rats
68 creatures vanquished.

Notes
Turn   | Place    | Note
-------+----------+-------------------------------------------
     0 | D:1      | Zonian the Demonspawn Gladiator began the quest for the
                  | Orb.
     0 | D:1      | Reached XP level 1. HP: 16/16 MP: 1/1
   409 | D:1      | Gained mutation: You are partially covered in rugged brown
                  | scales. (AC +1, +3% HP) [demonic ancestry]
   409 | D:1      | Reached XP level 2. HP: 16/22 MP: 2/2
   526 | D:1      | Found a faded altar of an unknown god.
  1648 | D:2      | Gained mutation: You may rarely emit foul miasma when
                  | damaged in melee. [demonic ancestry]
  1648 | D:2      | Reached XP level 3. HP: 22/28 MP: 3/3
  2995 | D:3      | Found Liupricau's Book Shoppe.
  3052 | D:3      | Reached XP level 4. HP: 26/35 MP: 4/4
  4002 | D:3      | Found a runed translucent gate.
  4002 | D:3      | Found a runed translucent gate.
  4014 | D:3      | Reached XP level 5. HP: 40/42 MP: 5/5
  4025 | D:3      | Found a runed translucent gate.
  4027 | D:3      | Noticed mortz's ghost (weakling DgFi)
  5176 | D:3      | Noticed Robin
  5214 | D:3      | HP: 2/42 [goblin/+0 club[Robin] (6)]
  5214 | D:3      | Slain by a goblin

Illustrated notes

Levels and vault maps discovered:
D:1:      minmay_arrival_hallway, layout_basic,
          dreamdust_ecumenical_altar_sealed_demon, minmay_pentomino_p4
D:2:      layout_loops_corners
D:3:      layout_loops_corners, zin_statuary, serial_shops, shop,
          ebering_ghost_rock_garden, chequers_arboretum,
          amcnicky_mini_pool_small, uniq_robin

Skill      XL: |  1  2  3  4 |
---------------+-------------+-----
Throwing       | 2 |  2.1
Short Blades   | 3 |  3.9
Dodging        | 3 |  3.9
Fighting       | 3 |  3.6

Action                   |  1- 3 |  4- 6 || total
-------------------------+-------+-------++-------
Melee: Rapier            |   129 |   116 ||   245
       Punch             |     2 |     1 ||     3
Throw: Throwing net      |     5 |     2 ||     7
  Use: Potion            |       |     1 ||     1
 Stab: Distracted        |     1 |       ||     1
       Sleeping          |     2 |       ||     2
Armor: Leather armour    |    23 |    19 ||    42
Dodge: Dodged            |    84 |    70 ||   154
